 Dungeon Crawl Stone Soup version 0.14.1-1-g650416f (webtiles) character file.

832 Antunes the Vexing (level 7, -2/52 HPs)
             Began as a Formicid Arcane Marksman on May 9, 2014.
             Slain by a scorpion (5 damage)
             ... on Level 9 of the Dungeon.
             The game lasted 00:30:50 (2514 turns).

Antunes the Vexing (Formicid Arcane Marksman)       Turns: 2514, Time: 00:30:50

HP  -2/52        AC  8     Str 20      XL: 7   Next: 77%
MP  15/15        EV 10     Int 13      God:
Gold 202         SH  0     Dex 12      Spells:  4 memorised,  1 level left

rFire  . . .     SeeInvis +     w - +1,+0 war axe (chop)
rCold  . . .     Clarity  .     k - +1 ring mail
rNeg   . . .     Conserve .     (no shield)
rPois  .         rCorr    .     (helmet unavailable)
rElec  .         rRot     .     (no cloak)
SustAb . .       Spirit   .     h - +1 pair of gloves {archer}
rMut   .         Warding  .     (no boots)
Saprov . . .     Stasis   +     (no amulet)
MR     .....                    (no ring)
                                y - +5 ring of strength

@: lethally poisoned, not resistant to hostile enchantments, unstealthy
A: permanent stasis, dig shafts and tunnels, four strong arms, antennae 3
a: Dig, Shaft Self


You were on level 9 of the Dungeon.
You were starving.

You visited 1 branch of the dungeon, and saw 11 of its levels.

You collected 202 gold pieces.

Inventory:

Hand weapons
 a - a +2,+2 short sword
 c - a +0,+0 crossbow
 g - a +0,+0 war axe
 q - a +0,+0 flail
 w - a +1,+0 war axe of chopping (weapon)
Missiles
 b - 9 bolts
 e - 39 darts (quivered)
 n - 13 poisoned needles
 o - 30 arrows
 s - 28 stones
Armour
 h - a +1 pair of gloves of archery (worn)
 i - a +0 leather armour
 k - a +1 ring mail (worn)
Magical devices
 f - a wand of fireball (6) {unknown}
 r - a wand of frost (11)
Scrolls
 t - a scroll of teleportation {unknown}
 z - a scroll of blinking {unknown}
Jewellery
 l - an uncursed ring of protection from fire {unknown}
 y - a +5 ring of strength (left hand)
Potions
 j - a potion of curing
 m - a potion of restore abilities {unknown}
 p - a potion of haste {unknown}
 u - a potion of might {unknown}
 v - 2 potions of heal wounds
Books
 d - a book of Debilitation

   Spells                             Type                      Level
   *Corona                            Hexes                        1
   *Slow                              Hexes                        2
   *Inner Flame                       Hexes/Fire                   3
   *Enslavement                       Hexes                        4
   Cause Fear                         Hexes                        4
   Leda's Liquefaction                Hexes/Earth                  4
Miscellaneous
 x - a lamp of fire


   Skills:
 * Level 3.0 Fighting
 + Level 0.8 Short Blades
 + Level 0.2 Axes
 + Level 3.2 Crossbows
 * Level 3.0 Armour
 + Level 2.9 Dodging
 * Level 3.3 Stealth
 * Level 2.8 Spellcasting
 * Level 5.2 Hexes
 * Level 1.1 Fire Magic
 * Level 1.2 Evocations


You had one spell level left.
You knew the following spells:

 Your Spells              Type           Power        Failure   Level  Hunger
a - Corona                Hex            ###....      3%          1    #......
b - Enslavement           Hex            ###.....     34%         4    #####..
c - Slow                  Hex            ###.....     6%          2    ##.....
d - Inner Flame           Hex/Fire       ##......     21%         3    ####...


Dungeon Overview and Level Annotations

Branches:
Dungeon (13/15)
 Temple: D:4-7          Orc: D:9-12        Lair: D:8-11      Vaults: D:13-14

Altars:

Annotations:
D:3 empire's ghost, average DrWr
D:8 Blork the orc


Innate Abilities, Weirdness & Mutations

Your are under a permanent stasis effect.
You can dig through walls and to a lower floor.
Your four strong arms can wield two-handed weapons with a shield.
You have a pair of large antennae on your head (SInv).


Message History

Drink which item? (? for menu, Esc to quit)
You feel much better.
It was a potion of heal wounds.
There are no items here.
Found a choko.
An orc comes into view. It is wielding a flail.
The orc shouts!
Found 12 gold pieces.
An orc warrior comes into view. It is wielding a halberd.
The orc warrior shouts!
An orc comes into view.
A scorpion comes into view.
The orc picks up some gold.
The orc hits you but does no damage.
Found a hardcover book.
You hit the scorpion.
The scorpion is moderately wounded.
The scorpion stings you. x2
You are poisoned.
The scorpion poisons you!
You barely miss the scorpion.
The scorpion is moderately wounded.
You feel sick. The orc warrior barely misses you.
The scorpion stings you but does no damage.
The orc warrior hits you from afar with a halberd!
You hit the scorpion.
The scorpion is severely wounded.
You feel sick. The scorpion stings you!
The orc warrior hits you from afar with a halberd!
* * * LOW HITPOINT WARNING * * *
The scorpion closely misses you.
You barely miss the scorpion.
The scorpion is severely wounded.
You feel sick. The scorpion stings you.
* * * LOW HITPOINT WARNING * * *
The orc warrior closely misses you. The orc hits you with a flail.
* * * LOW HITPOINT WARNING * * *
You slash the orc!
You kill the orc!
* * * LOW HITPOINT WARNING * * *
You feel sick. The scorpion stings you.
You die...

... #..# . ##.:##. ...
...... . .... #...#....
..... #...#....#
.......###...#....#
#......@s........#
.......)##o..#o...#
............#..{.# #
.......###..#%...#### #
#...................# . ..#
................#### #
.............##........# #
#...#..................#
#####......................#


You could see an orc warrior, a scorpion and an orc.

Vanquished Creatures
  A hungry ghost (D:10)
  2 ogres (D:4)
  2 giant frogs
  A scorpion (D:9)
  An orc priest (D:4)
  A worker ant (D:4)
  5 adders
  An orc skeleton (D:4)
  A giant mite (D:4)
  A giant eyeball (D:4)
  5 orcs
  4 goblins
  4 hobgoblins
  8 jackals
  3 kobolds
  A quokka (D:4)
  3 bats (D:4)
  2 giant geckos
  2 giant newts
  A jackal skeleton (D:4)
  2 rats
51 creatures vanquished.

Notes
Turn   | Place    | Note
--------------------------------------------------------------
     0 | D:1      | Antunes, the Formicid Arcane Marksman, began the quest for the Orb.
     0 | D:1      | Reached XP level 1. HP: 15/15 MP: 2/2
    91 | D:2      | Reached XP level 2. HP: 21/21 MP: 4/4
   154 | D:2      | Reached skill level 1 in Stealth
   291 | D:3      | Reached skill level 2 in Dodging
   332 | D:3      | Reached XP level 3. HP: 24/26 MP: 5/5
   432 | D:3      | Noticed empire's ghost (average DrWr)
   434 | D:3      | You fall through a shaft!
   443 | D:4      | Reached skill level 4 in Hexes
   498 | D:4      | Noticed an ogre
   509 | D:4      | Killed an ogre
   509 | D:4      | Reached skill level 2 in Spellcasting
   509 | D:4      | Reached XP level 4. HP: 9/33 MP: 6/8
   509 | D:4      | Reached XP level 5. HP: 10/38 MP: 8/11
   702 | D:4      | Noticed an ogre
   708 | D:4      | Killed an ogre
   708 | D:4      | Reached skill level 2 in Fighting
   708 | D:4      | Reached skill level 1 in Armour
   708 | D:4      | Reached skill level 2 in Stealth
   708 | D:4      | Reached XP level 6. HP: 30/46 MP: 13/13
  1158 | D:4      | Reached skill level 3 in Crossbows
  1181 | D:4      | Reached skill level 2 in Armour
  1263 | D:5      | Entered Level 5 of the Dungeon
  1263 | D:5      | Noticed a slave
  1348 | D:4      | Learned a level 4 spell: Enslavement
  1351 | D:4      | Learned a level 2 spell: Slow
  1655 | D:5      | You fall through a shaft for 3 floors!
  1751 | D:8      | Noticed a wyvern
  1756 | D:8      | You fall through a shaft for 2 floors!
  1756 | D:10     | Entered Level 10 of the Dungeon
  1758 | D:10     | Noticed a hungry ghost
  1761 | D:10     | Noticed a troll
  1843 | D:11     | Reached XP level 7. HP: 46/51 MP: 14/14
  1921 | D:11     | Noticed a mottled dragon
  1925 | D:11     | You fall through a shaft for 2 floors!
  1933 | D:13     | Learned a level 3 spell: Inner Flame
  2010 | D:13     | Reached skill level 3 in Stealth
  2010 | D:13     | Reached skill level 5 in Hexes
  2095 | D:12     | Noticed a yak
  2097 | D:12     | Noticed a slime creature
  2097 | D:12     | Noticed a yak
  2098 | D:12     | Noticed a slime creature
  2098 | D:12     | Noticed a slime creature
  2386 | D:10     | Killed a hungry ghost
  2386 | D:10     | Reached skill level 1 in Evocations
  2431 | D:9      | Noticed a gargoyle
  2438 | D:8      | Noticed Blork the orc
  2487 | D:9      | Reached skill level 3 in Fighting
  2487 | D:9      | Reached skill level 3 in Armour
  2487 | D:9      | Reached skill level 1 in Fire Magic
  2513 | D:9      | HP: 3/52 [orc/flail (6)]
  2514 | D:9      | Slain by a scorpion

Action                   |  1- 3 |  4- 6 |  7- 9 || total
-------------------------+-------+-------+-------++-------
Melee: Short sword       |    15 |    84 |    11 ||   110
       War axe           |       |       |    60 ||    60
 Fire: Crossbow          |    24 |    41 |     8 ||    73
Throw: Dart              |       |       |     1 ||     1
 Abil: Shaft Self        |     1 |     2 |     1 ||     4
       Dig               |       |     1 |     4 ||     5
Evoke: Wand              |       |     1 |     6 ||     7
  Use: Scroll            |     1 |     3 |     1 ||     5
       Potion            |     1 |       |     3 ||     4
 Stab: Sleeping          |       |       |     1 ||     1

Table legend:
 A = Turns spent in this place as a percentage of turns spent in the entire game.
 B = Non-inter-level travel turns spent in this place as a percentage of non-inter-level travel turns spent in the entire game.
 C = Inter-level travel turns spent in this place as a percentage of turns spent in this place.
 D = Turns resting spent in this place as a percentage of non-inter-level travel turns spent in this place.
 E = Turns spent auto-exploring this place as a percentage of non-inter-level travel turns spent in this place.
 F = Non-inter-level travel turns spent in this place divided by the number of levels of this place that you've seen.
                   A       B       C       D       E      F
               +-------+-------+-------+-------+-------+----------------------
         Total | 100.0 | 100.0 |   0.0 |   2.8 |   0.2 | 141.7
       Dungeon | 100.0 | 100.0 |   0.0 |   2.8 |   0.2 | 141.7
               +-------+-------+-------+-------+-------+----------------------

Table legend:
 A = Kills in this place as a percentage of kills in entire the game.
 B = Kills by you in this place as a percentage of kills by you in the entire game.
 C = Kills by friends in this place as a percentage of kills by friends in the entire game.
 D = Other kills in this place as a percentage of other kills in the entire game.
 E = Experience gained in this place as a percentage of experience gained in the entire game.
 F = Experience gained in this place divided by the number of levels of this place that you have seen.
                   A       B       C       D       E      F
               +-------+-------+-------+-------+-------+----------------------
         Total | 100.0 | 100.0 |  -nan |  -nan | 100.0 |  81.9
       Dungeon | 100.0 | 100.0 |  -nan |  -nan | 100.0 |  81.9
               +-------+-------+-------+-------+-------+----------------------

Vault maps used:
D:1:      dpeg_arrival_simpleton_a
D:2:      lemuel_crystal_altar, lemuel_doored_altar
D:3:      serial_bayou_pond_d, minmay_goblin_kobold_house
D:5:      first_bread, uniq_pikel
D:8:      lair_0_dummy, serial_shops, shop, shop_statue,
          nicolae_shop_behind_doors, minmay_strange_pillars, grunt_rat_hole,
          uniq_psyche, uniq_blork_the_orc, uniq_edmund, uniq_grum,
          uniq_gastronok
D:9:      serial_shops, nicolae_shop_crystal, tso_altar
D:10:     orc_0_dummy, blue_anna_fruit_fields, uniq_erica
D:11:     grunt_decor_clamped
D:13:     erik_vaults_1, serial_shops, shop

Action                   |  1- 3 |  4- 6 |  7- 9 || total
-------------------------+-------+-------+-------++-------
Melee: Short sword       |    15 |    84 |    11 ||   110
       War axe           |       |       |    60 ||    60
 Fire: Crossbow          |    24 |    41 |     8 ||    73
Throw: Dart              |       |       |     1 ||     1
 Abil: Shaft Self        |     1 |     2 |     1 ||     4
       Dig               |       |     1 |     4 ||     5
Evoke: Wand              |       |     1 |     6 ||     7
  Use: Scroll            |     1 |     3 |     1 ||     5
       Potion            |     1 |       |     3 ||     4
 Stab: Sleeping          |       |       |     1 ||     1
Dungeon Crawl Stone Soup version 0.14.1-1-g650416f (webtiles) character file. 832 Antunes the Vexing (level 7, -2/52 HPs) Began as a Formicid Arcane Marksman on May 9, 2014. Slain by a scorpion (5 damage) ... on Level 9 of the Dungeon. The game lasted 00:30:50 (2514 turns). Antunes the Vexing (Formicid Arcane Marksman) Turns: 2514, Time: 00:30:50 HP -2/52 AC 8 Str 20 XL: 7 Next: 77% MP 15/15 EV 10 Int 13 God: Gold 202 SH 0 Dex 12 Spells: 4 memorised, 1 level left rFire . . . SeeInvis + w - +1,+0 war axe (chop) rCold . . . Clarity . k - +1 ring mail rNeg . . . Conserve . (no shield) rPois . rCorr . (helmet unavailable) rElec . rRot . (no cloak) SustAb . . Spirit . h - +1 pair of gloves {archer} rMut . Warding . (no boots) Saprov . . . Stasis + (no amulet) MR ..... (no ring) y - +5 ring of strength @: lethally poisoned, not resistant to hostile enchantments, unstealthy A: permanent stasis, dig shafts and tunnels, four strong arms, antennae 3 a: Dig, Shaft Self You were on level 9 of the Dungeon. You were starving. You visited 1 branch of the dungeon, and saw 11 of its levels. You collected 202 gold pieces. Dungeon Overview and Level Annotations Branches: Dungeon (13/15) Temple: D:4-7 Orc: D:9-12 Lair: D:8-11 Vaults: D:13-14 Altars: Annotations: D:3 empire's ghost, average DrWr D:8 Blork the orc Innate Abilities, Weirdness & Mutations Your are under a permanent stasis effect. You can dig through walls and to a lower floor. Your four strong arms can wield two-handed weapons with a shield. You have a pair of large antennae on your head (SInv). Skills: * Level 3.0 Fighting + Level 0.8 Short Blades + Level 0.2 Axes + Level 3.2 Crossbows * Level 3.0 Armour + Level 2.9 Dodging * Level 3.3 Stealth * Level 2.8 Spellcasting * Level 5.2 Hexes * Level 1.1 Fire Magic * Level 1.2 Evocations You had one spell level left. You knew the following spells: Your Spells Type Power Failure Level Hunger a - Corona Hex ###.... 3% 1 #...... b - Enslavement Hex ###..... 34% 4 #####.. c - Slow Hex ###..... 6% 2 ##..... d - Inner Flame Hex/Fire ##...... 21% 3 ####... Inventory: Hand weapons a - a +2,+2 short sword c - a +0,+0 crossbow g - a +0,+0 war axe q - a +0,+0 flail w - a +1,+0 war axe of chopping (weapon) Missiles b - 9 bolts e - 39 darts (quivered) n - 13 poisoned needles o - 30 arrows s - 28 stones Armour h - a +1 pair of gloves of archery (worn) i - a +0 leather armour k - a +1 ring mail (worn) Magical devices f - a wand of fireball (6) {unknown} r - a wand of frost (11) Scrolls t - a scroll of teleportation {unknown} z - a scroll of blinking {unknown} Jewellery l - an uncursed ring of protection from fire {unknown} y - a +5 ring of strength (left hand) Potions j - a potion of curing m - a potion of restore abilities {unknown} p - a potion of haste {unknown} u - a potion of might {unknown} v - 2 potions of heal wounds Books d - a book of Debilitation Spells Type Level *Corona Hexes 1 *Slow Hexes 2 *Inner Flame Hexes/Fire 3 *Enslavement Hexes 4 Cause Fear Hexes 4 Leda's Liquefaction Hexes/Earth 4 Miscellaneous x - a lamp of fire Message History Drink which item? (? for menu, Esc to quit) You feel much better. It was a potion of heal wounds. There are no items here. Found a choko. An orc comes into view. It is wielding a flail. The orc shouts! Found 12 gold pieces. An orc warrior comes into view. It is wielding a halberd. The orc warrior shouts! An orc comes into view. A scorpion comes into view. The orc picks up some gold. The orc hits you but does no damage. Found a hardcover book. You hit the scorpion. The scorpion is moderately wounded. The scorpion stings you. x2 You are poisoned. The scorpion poisons you! You barely miss the scorpion. The scorpion is moderately wounded. You feel sick. The orc warrior barely misses you. The scorpion stings you but does no damage. The orc warrior hits you from afar with a halberd! You hit the scorpion. The scorpion is severely wounded. You feel sick. The scorpion stings you! The orc warrior hits you from afar with a halberd! * * * LOW HITPOINT WARNING * * * The scorpion closely misses you. You barely miss the scorpion. The scorpion is severely wounded. You feel sick. The scorpion stings you. * * * LOW HITPOINT WARNING * * * The orc warrior closely misses you. The orc hits you with a flail. * * * LOW HITPOINT WARNING * * * You slash the orc! You kill the orc! * * * LOW HITPOINT WARNING * * * You feel sick. The scorpion stings you. You die... ... #..# . ##.:##. ... ...... . .... #...#.... ..... #...#....# .......###...#....# #......@s........# .......)##o..#o...# ............#..{.# # .......###..#%...#### # #...................# . ..# ................#### # .............##........# # #...#..................# #####......................# You could see an orc warrior, a scorpion and an orc.

Vanquished Creatures
  A hungry ghost (D:10)
  2 ogres (D:4)
  2 giant frogs
  A scorpion (D:9)
  An orc priest (D:4)
  A worker ant (D:4)
  5 adders
  An orc skeleton (D:4)
  A giant mite (D:4)
  A giant eyeball (D:4)
  5 orcs
  4 goblins
  4 hobgoblins
  8 jackals
  3 kobolds
  A quokka (D:4)
  3 bats (D:4)
  2 giant geckos
  2 giant newts
  A jackal skeleton (D:4)
  2 rats
51 creatures vanquished. Notes Turn | Place | Note -------------------------------------------------------------- 0 | D:1 | Antunes, the Formicid Arcane Marksman, began the quest for the Orb. 0 | D:1 | Reached XP level 1. HP: 15/15 MP: 2/2 91 | D:2 | Reached XP level 2. HP: 21/21 MP: 4/4 154 | D:2 | Reached skill level 1 in Stealth 291 | D:3 | Reached skill level 2 in Dodging 332 | D:3 | Reached XP level 3. HP: 24/26 MP: 5/5 432 | D:3 | Noticed empire's ghost (average DrWr) 434 | D:3 | You fall through a shaft! 443 | D:4 | Reached skill level 4 in Hexes 498 | D:4 | Noticed an ogre 509 | D:4 | Killed an ogre 509 | D:4 | Reached skill level 2 in Spellcasting 509 | D:4 | Reached XP level 4. HP: 9/33 MP: 6/8 509 | D:4 | Reached XP level 5. HP: 10/38 MP: 8/11 702 | D:4 | Noticed an ogre 708 | D:4 | Killed an ogre 708 | D:4 | Reached skill level 2 in Fighting 708 | D:4 | Reached skill level 1 in Armour 708 | D:4 | Reached skill level 2 in Stealth 708 | D:4 | Reached XP level 6. HP: 30/46 MP: 13/13 1158 | D:4 | Reached skill level 3 in Crossbows 1181 | D:4 | Reached skill level 2 in Armour 1263 | D:5 | Entered Level 5 of the Dungeon 1263 | D:5 | Noticed a slave 1348 | D:4 | Learned a level 4 spell: Enslavement 1351 | D:4 | Learned a level 2 spell: Slow 1655 | D:5 | You fall through a shaft for 3 floors! 1751 | D:8 | Noticed a wyvern 1756 | D:8 | You fall through a shaft for 2 floors! 1756 | D:10 | Entered Level 10 of the Dungeon 1758 | D:10 | Noticed a hungry ghost 1761 | D:10 | Noticed a troll 1843 | D:11 | Reached XP level 7. HP: 46/51 MP: 14/14 1921 | D:11 | Noticed a mottled dragon 1925 | D:11 | You fall through a shaft for 2 floors! 1933 | D:13 | Learned a level 3 spell: Inner Flame 2010 | D:13 | Reached skill level 3 in Stealth 2010 | D:13 | Reached skill level 5 in Hexes 2095 | D:12 | Noticed a yak 2097 | D:12 | Noticed a slime creature 2097 | D:12 | Noticed a yak 2098 | D:12 | Noticed a slime creature 2098 | D:12 | Noticed a slime creature 2386 | D:10 | Killed a hungry ghost 2386 | D:10 | Reached skill level 1 in Evocations 2431 | D:9 | Noticed a gargoyle 2438 | D:8 | Noticed Blork the orc 2487 | D:9 | Reached skill level 3 in Fighting 2487 | D:9 | Reached skill level 3 in Armour 2487 | D:9 | Reached skill level 1 in Fire Magic 2513 | D:9 | HP: 3/52 [orc/flail (6)] 2514 | D:9 | Slain by a scorpion
